[Event "Titled Tuesday Blitz April 12 Early 2022"]
[White "Zaksaite, Salomeja"]
[Black "Yurovskykh, Oleksandr"]
[WhiteFideId "12801496"]
[BlackFideId "14134020"]
[WhiteElo "1953"]
[BlackElo "2292"]
[Result "0-1"]
[Round "01"]
[TimeControl "180+1"]
[Date "2022.04.13"]
[WhiteClock "0:00:01"]
[BlackClock "0:00:11"]

1. e4 d5 2. exd5 Qxd5 3. Nc3 Qd8 4. Bc4 c5 5. Qf3 Nf6 6. d3 Nc6 7. Nge2 e6 8. Bg5 Be7 9. h3 O-O 10. O-O Bd7 11. a3 a6 12. Ba2 Nd4 13. Nxd4 cxd4 14. Ne4 Bc6 15. Nxf6+ Bxf6 16. Bxf6 Qxf6 17. Qxf6 gxf6 18. Rfe1 Kh8 19. f3 Rg8 20. Kf2 h5 21. h4 Rac8 22. c3 dxc3 23. bxc3 Rgd8 24. d4 Bd5 25. Bxd5 Rxd5 26. Rab1 Rxc3 27. Rxb7 Kg8 28. Reb1 Rxd4 29. Ra7 Rd2+ 30. Kg3 Rcc2 31. Rb8+ Kg7 32. Rbb7 Rxg2+ 33. Kf4 Rc4+ 34. Ke3 Ra2 35. Rxf7+ Kg6 36. Rg7+ Kf5 37. Rxa6 Rc3+ 38. Kd4 Rxf3 39. Rh7 e5+ 40. Kc5 Rfxa3 41. Rxh5+ Kg6 42. Rxa3 Rxa3 43. Rh8 Rd3 44. h5+ Kg7 45. Re8 Rh3 46. Re7+ Kh6 47. Re6 Kg5 48. Kd5 Rxh5 49. Ke4 Rh4+ 50. Ke3 Kf5 51. Re8 Rh3+ 52. Kf2 Ra3 53. Rb8 e4 54. Rb4 Kf4 0-1


[Site "https://www.chess.com"]

[Event "Titled Tuesday Blitz April 12 Early 2022"]
[White "Zemlyanskii, Ivan"]
[Black "Gatterer, Florian"]
[WhiteFideId "24249971"]
[BlackFideId "811688"]
[WhiteElo "1759"]
[BlackElo "2218"]
[Result "1-0"]
[Round "01"]
[TimeControl "180+1"]
[Date "2022.04.13"]
[WhiteClock "0:00:11"]
[BlackClock "0:00:06"]

1. d4 Nf6 2. c4 e6 3. Nc3 Bb4 4. e3 O-O 5. Ne2 c6 6. a3 Ba5 7. c5 d5 8. cxd6 Qxd6 9. b4 Bc7 10. g3 Nbd7 11. Bg2 e5 12. O-O exd4 13. exd4 Nb6 14. b5 Nbd5 15. a4 Re8 16. Ba3 Qd8 17. Nxd5 Nxd5 18. h3 cxb5 19. axb5 Be6 20. Rc1 Bb6 21. Qd3 Qd7 22. Bc5 Bxh3 23. Bxh3 Qxh3 24. Qf3 Qe6 25. Rfe1 Qe4 26. Kg2 h6 27. Bxb6 axb6 28. Qxe4 Rxe4 29. Kf3 Rae8 30. Rc2 f6 31. Rec1 g5 32. g4 R8e7 33. Rd2 Kh7 34. Rc8 Re8 35. Rxe8 Rxe8 36. Ng3 Re1 37. Rc2 Rd1 38. Nf5 Rd3+ 39. Ke4 Rd1 40. Rc8 Nf4 41. Rd8 Re1+ 42. Kf3 h5 43. Rd7+ Kh8 44. gxh5 Nxh5 45. d5 Rd1 46. d6 Nf4 47. Re7 Rd5 48. d7 Ng6 49. Re8+ Kh7 50. d8=Q Ne5+ 51. Ke4 Rxd8 52. Rxd8 Kg6 53. Ne7+ 1-0


[Site "https://www.chess.com"]

[Event "Titled Tuesday Blitz April 12 Early 2022"]
[White "Zhigalko, Sergei"]
[Black "Lamaze, Simon"]
[WhiteFideId "13502956"]
[BlackFideId "36069264"]
[WhiteElo "2662"]
[BlackElo "1999"]
[Result "1-0"]
[Round "01"]
[TimeControl "180+1"]
[Date "2022.04.12"]
[WhiteClock "0:00:05"]
[BlackClock "0:00:16"]

1. e4 c5 2. Nf3 Nc6 3. c3 Nf6 4. e5 Nd5 5. Bc4 Nb6 6. Bb3 c4 7. Bc2 g5 8. Nxg5 Nxe5 9. Qh5 Bg7 10. O-O h6 11. Nf3 Nd3 12. Bxd3 cxd3 13. Qf5 d6 14. Qxd3 Qd7 15. Re1 O-O 16. Qe2 Re8 17. d4 Qg4 18. Nbd2 Qh5 19. Ne4 Bd7 20. Ng3 Qg6 21. Nh4 Qe6 22. Nhf5 Kh7 23. Nxg7 Qxe2 24. Rxe2 Kxg7 25. b3 Nd5 26. c4 Nf6 27. d5 Rac8 28. Bb2 Kg6 29. a4 a6 30. Rae1 e5 31. dxe6 Bxe6 32. Bxf6 Kxf6 33. f4 b5 34. cxb5 axb5 35. Ne4+ Kg7 36. Nxd6 Red8 37. Nxc8 Rxc8 38. axb5 Rb8 39. Re5 Bxb3 40. Rb1 Bc4 41. Rb4 Bd3 42. Rd5 Be4 43. Rxe4 1-0


[Site "https://www.chess.com"]

[Event "Titled Tuesday Blitz April 12 Early 2022"]
[White "Zia, Tahsin Tajwar"]
[Black "Svane, Frederik"]
[WhiteFideId "10211888"]
[BlackFideId "12923044"]
[WhiteElo "2452"]
[BlackElo "2830"]
[Result "0-1"]
[Round "01"]
[TimeControl "180+1"]
[Date "2022.04.13"]
[WhiteClock "0:00:05"]
[BlackClock "0:00:10"]

1. d4 Nf6 2. c4 e6 3. g3 d5 4. Bg2 Bb4+ 5. Bd2 Be7 6. Nf3 O-O 7. Qc2 c6 8. h4 b6 9. Nc3 Ba6 10. b3 Nbd7 11. e4 c5 12. exd5 exd5 13. Ng5 dxc4 14. bxc4 cxd4 15. Nd5 Rc8 16. O-O Bxc4 17. Nxe7+ Qxe7 18. Rfe1 Qc5 19. Qb2 a5 20. Rac1 Ne5 21. Ne4 Nxe4 22. Bxe4 Rfd8 23. Bf4 Ng6 24. Bg5 Re8 25. h5 Ne5 26. Bf4 h6 27. Qc2 Ng4 28. Qd2 Nf6 29. Bf3 Rxe1+ 30. Qxe1 Qf5 31. Qe5 Qxe5 32. Bxe5 d3 33. Bf4 Be6 34. Rd1 Rd8 35. Be2 Bg4 36. Rxd3 Rxd3 37. Bxd3 Be6 38. Be3 Nd5 39. Bd4 Nb4 40. Bb5 Nd5 41. a4 Kf8 42. f3 Ke7 43. Kf2 Kd6 44. Bxg7 Nc7 45. Bf8+ Ke5 46. f4+ Kd4 47. Bg7+ Ke4 48. Bc6+ Bd5 49. Bxd5+ Nxd5 50. Bxh6 Kf5 51. Bg7 f6 52. Kf3 Ke6 53. g4 Kf7 54. Bh6 Nc3 55. g5 b5 56. g6+ Kg8 57. Kg4 bxa4 58. Kf5 a3 59. Kxf6 a2 60. Bg7 a1=Q 61. h6 Nd5+ 62. Kg5 Qg1+ 63. Kf5 Ne7+ 64. Kf6 Qxg6+ 65. Kxe7 a4 66. f5 Qxf5 0-1


[Site "https://www.chess.com"]

[Event "Titled Tuesday Blitz April 12 Early 2022"]
[White "parintele_chess"]
[Black "Khripachenko, Alexander"]
[BlackFideId "54184975"]
[WhiteElo "2258"]
[BlackElo "2193"]
[Result "0-1"]
[Round "01"]
[TimeControl "180+1"]
[Date "2022.04.13"]
[WhiteClock "0:00:46"]
[BlackClock "0:01:35"]

1. d4 Nf6 2. Bf4 g6 3. Nc3 d5 4. e3 Bg7 5. Bd3 O-O 6. h4 c5 7. h5 Nc6 8. hxg6 fxg6 9. dxc5 Qa5 10. Bh6 Qxc5 11. Bxg7 Kxg7 12. Qf3 e5 13. Qg3 e4 14. Be2 d4 15. Qc7+ Rf7 16. exd4 Qxc3+ 17. bxc3 Rxc7 18. Kd2 Be6 19. Ke3 Rac8 20. c4 Nb4 0-1


[Site "https://www.chess.com"]

[Event "Titled Tuesday Blitz April 12 Early 2022"]
[White "Abdilkhair, Abilmansur"]
[Black "Osmonbekov, Talaibek"]
[WhiteFideId "13716417"]
[BlackFideId "2017253"]
[WhiteElo "2108"]
[BlackElo "2135"]
[Result "1-0"]
[Round "02"]
[TimeControl "180+1"]
[Date "2022.04.13"]
[WhiteClock "0:00:06"]
[BlackClock "0:00:15"]

1. e4 c5 2. Nf3 d6 3. Bb5+ Nd7 4. Ba4 a6 5. c4 Nf6 6. O-O Nxe4 7. Re1 Nf6 8. d4 cxd4 9. Nxd4 g6 10. Bf4 Qb6 11. Nb3 e5 12. c5 Qc7 13. Na3 Be7 14. Nc4 exf4 15. Qxd6 Qxd6 16. cxd6 b5 17. dxe7 bxc4 18. Na5 Rb8 19. Nxc4 Rb4 20. Nd6# 1-0


[Site "https://www.chess.com"]

[Event "Titled Tuesday Blitz April 12 Early 2022"]
[White "Abdrlauf, Elham"]
[Black "Djokic, Mihailo"]
[WhiteFideId "1533533"]
[BlackFideId "976440"]
[WhiteElo "2334"]
[BlackElo "2202"]
[Result "1-0"]
[Round "02"]
[TimeControl "180+1"]
[Date "2022.04.12"]
[WhiteClock "0:00:36"]
[BlackClock "0:00:01"]

1. Nf3 Nf6 2. g3 g6 3. Bg2 Bg7 4. O-O O-O 5. c4 d6 6. Nc3 Nc6 7. d4 a6 8. b3 Rb8 9. Bb2 b5 10. cxb5 axb5 11. Rc1 Bd7 12. d5 Na5 13. Nd4 b4 14. Na4 e5 15. dxe6 fxe6 16. Nc6 Nxc6 17. Bxc6 Bxc6 18. Rxc6 Nd5 19. Bxg7 Kxg7 20. Qd4+ Kg8 21. Rfc1 Rf7 22. e4 Nf6 23. Qc4 d5 24. exd5 exd5 25. Qd4 Ne4 26. f3 Ng5 27. Kg2 Nxf3 28. Qc5 Ne5 29. Rxc7 Nd3 30. Qa7 Rf2+ 31. Kg1 Nxc1 32. Rg7+ Kf8 33. Rxh7 Kg8 34. Qg7# 1-0


[Site "https://www.chess.com"]

[Event "Titled Tuesday Blitz April 12 Early 2022"]
[White "Abdusattorov, Nodirbek"]
[Black "Samant Aditya S"]
[WhiteFideId "14204118"]
[BlackFideId "35080580"]
[WhiteElo "2663"]
[BlackElo "1916"]
[Result "1-0"]
[Round "02"]
[TimeControl "180+1"]
[Date "2022.04.12"]
[WhiteClock "0:00:23"]
[BlackClock "0:00:03"]

1. e4 c5 2. Nf3 d6 3. d4 cxd4 4. Nxd4 Nf6 5. Nc3 Nc6 6. Bg5 e6 7. Qd3 Bd7 8. O-O-O a6 9. f4 h6 10. Bh4 Be7 11. Be2 Rc8 12. Qg3 O-O 13. e5 dxe5 14. Nxc6 Rxc6 15. fxe5 Nd5 16. Bxe7 Qxe7 17. Nxd5 exd5 18. Bd3 Be6 19. Rhf1 Rfc8 20. Kb1 Rb6 21. Rf4 Rb4 22. Rdf1 Rxf4 23. Qxf4 Qg5 24. g3 Qe7 25. c3 Qc5 26. Bf5 Qc4 27. Qxc4 Rxc4 28. Bd3 Rc7 29. Rf4 Kf8 30. Kc2 Ke7 31. a4 g6 32. a5 h5 33. Rb4 Kd7 34. Kd2 Kc8 35. Rb6 Rc5 36. b4 Rc7 37. Rd6 Rd7 38. Rxd7 Kxd7 39. Ke3 Kc6 40. Kd4 Bd7 41. Be2 Be6 42. Bf3 g5 43. c4 g4 44. Bxd5+ Kd7 45. Bxb7 1-0


[Site "https://www.chess.com"]

[Event "Titled Tuesday Blitz April 12 Early 2022"]
[White "Aggelis, Nikolaos"]
[Black "Zaksaite, Salomeja"]
[WhiteFideId "4213220"]
[BlackFideId "12801496"]
[WhiteElo "2154"]
[BlackElo "1953"]
[Result "0-1"]
[Round "02"]
[TimeControl "180+1"]
[Date "2022.04.13"]
[WhiteClock "0:00:43"]
[BlackClock "0:00:17"]

1. d4 Nf6 2. g3 g6 3. Bg2 Bg7 4. Nf3 O-O 5. O-O d5 6. c4 dxc4 7. Na3 Nc6 8. Nxc4 Be6 9. Nce5 Bd5 10. Qc2 a5 11. Re1 a4 12. e4 Be6 13. Nxc6 bxc6 14. Qxc6 Qd6 15. Qc3 Nd7 16. Be3 c6 17. Rac1 Rfc8 18. a3 c5 19. dxc5 Bxc3 20. cxd6 Bxe1 21. Rxe1 exd6 22. Bf4 Rc2 23. Nd4 Rxb2 24. Nxe6 fxe6 25. Bxd6 Rc8 26. e5 Rcc2 27. Rf1 Kf7 28. Be4 Re2 29. Bd3 Red2 30. Bc4 Nb6 31. Ba6 Nd5 32. h4 h5 33. Bc4 Ke8 34. Bxd5 exd5 35. e6 d4 36. Rc1 Rdc2 37. Rd1 Rxf2 38. Rxd4 Rg2+ 39. Kf1 Rgd2 40. Rxd2 Rxd2 41. Bb4 Rb2 42. Bc5 Rc2 43. Bb4 Rc4 44. Ke2 Rxb4 45. axb4 a3 46. b5 a2 47. b6 a1=Q 48. b7 Qa6+ 49. Ke3 Qxb7 50. Kf4 Ke7 51. Kg5 Kxe6 52. Kxg6 Qf7+ 53. Kg5 Qf5+ 54. Kh6 Kf7 55. g4 Qg6# 0-1


[Site "https://www.chess.com"]

[Event "Titled Tuesday Blitz April 12 Early 2022"]
[White "Ahmadzada, Ahmad"]
[Black "Belozerov, Andrei"]
[WhiteFideId "13413007"]
[BlackFideId "4120213"]
[WhiteElo "2228"]
[BlackElo "2320"]
[Result "1-0"]
[Round "02"]
[TimeControl "180+1"]
[Date "2022.04.13"]
[WhiteClock "0:00:04"]
[BlackClock "0:00:23"]

1. Nf3 d5 2. g3 Bg4 3. Bg2 Nd7 4. c4 e6 5. O-O Ngf6 6. b3 Bd6 7. Bb2 O-O 8. d4 c6 9. Nbd2 Qe7 10. Re1 Ba3 11. Qc1 Bxb2 12. Qxb2 a5 13. a3 Rfd8 14. e3 h6 15. Rac1 Bf5 16. Ne5 Nxe5 17. dxe5 Ne4 18. cxd5 exd5 19. f4 Nc5 20. Bf1 Nd3 21. Bxd3 Bxd3 22. Rc3 Bf5 23. Rec1 f6 24. exf6 Qxf6 25. Nf3 Be4 26. Ne5 d4 27. Rc4 c5 28. exd4 cxd4 29. Rxd4 Qb6 30. Rd1 Rac8 31. Qf2 Rxd4 32. Qxd4 Qxb3 33. Re1 Bf5 34. g4 Bc2 35. f5 Re8 36. Qd7 Qa4 37. Qf7+ Kh7 38. Qg6+ Kg8 39. Qf7+ Kh7 40. f6 Rg8 41. fxg7 Rxg7 42. Qf2 Be4 43. h3 Qc2 44. Re2 Qc1+ 45. Kh2 Bb1 46. Re1 Qc2 47. Qxc2+ Bxc2 48. Re2 Bb1 49. Rb2 Be4 50. Nc4 a4 51. Nd6 Bc6 52. Nf5 Rd7 53. Re2 Rd3 54. Re7+ Kg6 55. Re6+ Kg5 56. Rxh6 Kf4 57. Rf6 Rd2+ 58. Kg1 Ke4 59. Ng3+ Ke5 60. Rf5+ Ke6 61. g5 Rd3 62. Kf2 Rxg3 63. Rf6+ Ke5 64. Kxg3 b5 65. Rf4 Be4 66. h4 b4 67. axb4 a3 68. Rf1 a2 69. Ra1 Bb1 70. b5 Kd6 71. h5 Kc5 72. g6 Kxb5 73. g7 Kb4 74. g8=Q Ka3 75. Qg7 Bc2 76. Qc3+ Bb3 77. h6 Ka4 78. h7 Ka3 79. h8=Q Ka4 80. Qe8+ Ka3 81. Qa5+ Kb2 82. Qee5+ Kc2 83. Qe2# 1-0


[Site "https://www.chess.com"]

[Event "Titled Tuesday Blitz April 12 Early 2022"]
[White "Aitbayev, Aslan"]
[Black "Bintang, Rasyid A. Hidayat"]
[WhiteFideId "13704613"]
[BlackFideId "7105355"]
[WhiteElo "2385"]
[BlackElo "2385"]
[Result "0-1"]
[Round "02"]
[TimeControl "180+1"]
[Date "2022.04.13"]
[WhiteClock "0:00:21"]
[BlackClock "0:00:21"]

1. e4 d5 2. exd5 Nf6 3. d4 Nxd5 4. c4 Nb6 5. Nf3 Bg4 6. c5 N6d7 7. Bc4 e6 8. O-O Be7 9. h3 Bh5 10. Nc3 O-O 11. Ne4 Nc6 12. Be3 Nf6 13. Ng3 Bxf3 14. gxf3 Nd5 15. a3 a5 16. Rc1 Bf6 17. Qd2 Nce7 18. Rfd1 Ng6 19. Bf1 c6 20. f4 Nh4 21. Qe2 Nf5 22. Ne4 Re8 23. Qf3 g6 24. Rd2 Bg7 25. Re1 Qh4 26. Qg4 Qe7 27. Bg2 Rad8 28. Ree2 Nfxe3 29. fxe3 f5 30. Qf3 fxe4 31. Qxe4 Nf6 32. Qc2 Nh5 33. Qa4 Qc7 34. Qb3 Kh8 35. Bf3 Nxf4 36. exf4 Qxf4 37. Kg2 e5 38. Qc2 exd4 39. Rf2 Re3 40. Qc4 Rf8 41. Rd3 Be5 42. Rxe3 dxe3 43. Qxf4 Bxf4 44. Re2 Rd8 45. b4 axb4 46. axb4 Rd2 47. Rxd2 exd2 48. Kf2 Kg7 49. Ke2 Kf6 50. b5 cxb5 51. Bxb7 Ke5 52. Ba6 b4 53. Bc4 Kd4 54. Bg8 Kxc5 55. Bxh7 g5 56. Kd1 Kd4 57. Kc2 Ke3 58. Bf5 Kf2 59. Bg4 Ke1 60. Bh5 b3+ 61. Kxb3 d1=Q+ 62. Bxd1 Kxd1 63. Kc3 Ke2 64. Kd4 Kf3 65. Kd3 Kg3 66. Ke2 Kxh3 67. Kf3 Kh4 68. Kg2 Bb8 69. Kf3 g4+ 70. Kg2 g3 71. Kg1 Kh3 72. Kh1 g2+ 73. Kg1 Ba7# 0-1


[Site "https://www.chess.com"]

[Event "Titled Tuesday Blitz April 12 Early 2022"]
[White "Akhmedinov, Satbek"]
[Black "Shevtchenko, Olesya"]
[WhiteFideId "13714287"]
[BlackFideId "24131890"]
[WhiteElo "1889"]
[BlackElo "2003"]
[Result "0-1"]
[Round "02"]
[TimeControl "180+1"]
[Date "2022.04.13"]
[WhiteClock "0:00:03"]
[BlackClock "0:02:09"]

1. e4 c5 2. Nf3 d6 3. Bb5+ Bd7 4. c4 Nf6 5. Nc3 e5 6. O-O Be7 7. h3 O-O 8. d3 Nc6 9. Nd5 Nxd5 10. cxd5 Nd4 11. Bxd7 Qxd7 12. Nxd4 cxd4 13. f4 f5 14. Qe2 fxe4 15. dxe4 Bf6 16. f5 Rac8 17. g4 Qe7 18. Qg2 Bg5 19. Bxg5 Qxg5 20. Qe2 Rc5 21. b4 Rc3 22. Rf3 Rfc8 23. Rxc3 Rxc3 24. Rd1 Rxh3 25. Kg2 Qh4 26. Qb5 Rh2+ 0-1


[Site "https://www.chess.com"]

[Event "Titled Tuesday Blitz April 12 Early 2022"]
[White "Almeida Junior, Alvaro Alves de"]
[Black "Hasangatin, Ramil"]
[WhiteFideId "2149974"]
[BlackFideId "4122160"]
[WhiteElo "2086"]
[BlackElo "2375"]
[Result "0-1"]
[Round "02"]
[TimeControl "180+1"]
[Date "2022.04.13"]
[WhiteClock "0:00:03"]
[BlackClock "0:01:48"]

1. e4 c5 2. Nf3 Nc6 3. d4 cxd4 4. Nxd4 Nf6 5. Nc3 e6 6. g3 d5 7. Nxc6 bxc6 8. exd5 cxd5 9. Bg2 Ba6 10. Ne2 Bc5 11. O-O Qb6 12. c3 Ne4 13. Bxe4 dxe4 14. b4 Be7 15. Be3 Qb5 16. Re1 Rd8 17. Nd4 Qd7 18. Qg4 O-O 19. Rad1 f5 20. Qh5 Bd3 21. Nb3 Bf6 22. Nc5 Qd5 23. Nxd3 exd3 24. Bd4 e5 25. Bxa7 e4 26. Bc5 g6 27. Qh6 Bg7 28. Qe3 Rfe8 29. Bd4 Bxd4 30. Qxd4 Qxd4 31. cxd4 Rxd4 32. Re3 Ra8 33. f3 Rxb4 34. fxe4 fxe4 35. Rd2 Rc8 36. Kf2 Rc2 37. Rxc2 dxc2 38. Rc3 Rb2 39. Ke3 Rxa2 40. Kxe4 Kg7 41. Kd3 Kf6 42. Rxc2 Rxc2 43. Kxc2 Kf5 44. Kd3 Kg4 45. Ke3 Kh3 46. Kf4 Kxh2 47. Kg4 h6 48. Kh4 Kg2 49. g4 g5+ 50. Kh5 Kg3 51. Kxh6 Kxg4 0-1


[Site "https://www.chess.com"]

[Event "Titled Tuesday Blitz April 12 Early 2022"]
[White "Avalos Parra, Joao"]
[Black "Molina, Roberto Junio Brito"]
[WhiteFideId "3402541"]
[BlackFideId "2109450"]
[WhiteElo "2173"]
[BlackElo "2432"]
[Result "1/2-1/2"]
[Round "02"]
[TimeControl "180+1"]
[Date "2022.04.13"]
[WhiteClock "0:00:10"]
[BlackClock "0:00:41"]

1. d4 d5 2. c4 c6 3. Nf3 Nf6 4. e3 Bf5 5. Nc3 e6 6. Nh4 Bg6 7. Bd2 Be7 8. Qb3 Qb6 9. Nxg6 hxg6 10. c5 Qc7 11. g3 Nbd7 12. Bg2 b6 13. cxb6 axb6 14. O-O O-O 15. Rac1 Rfc8 16. e4 Qa7 17. a3 dxe4 18. Nxe4 Nd5 19. Rfe1 N7f6 20. Ng5 Qd7 21. Bh3 Qb7 22. Qf3 Re8 23. Re2 Bd6 24. Be1 Rad8 25. Rec2 c5 26. dxc5 Bxc5 27. b4 Bd6 28. Bg2 Qd7 29. Ne4 Be5 30. Nxf6+ Bxf6 31. Qb3 Ra8 32. Bd2 Qa4 33. Bxd5 exd5 34. Qxd5 Red8 35. Qf3 Qxa3 36. Qxa3 Rxa3 37. Be3 b5 38. Rc8 Rd3 39. Kg2 Kh7 40. R1c5 Rxc8 41. Rxc8 Be7 42. Rb8 Bxb4 43. Rxb5 Bd2 44. Bxd2 Rxd2 45. Rb7 f6 46. Ra7 g5 47. Rb7 Kg6 48. Ra7 Rb2 49. Rc7 g4 50. Ra7 Kh6 51. Rc7 Ra2 52. Rd7 f5 53. Rc7 g6 54. Rd7 Kg5 55. Rd6 Ra5 56. Rb6 Rc5 57. Rd6 Rc7 58. Ra6 Rd7 59. h3 gxh3+ 60. Kxh3 Rd3 61. Rb6 f4 62. Rb5+ Kf6 63. Kg4 fxg3 64. fxg3 Rd4+ 65. Kf3 Rc4 66. Ra5 Rb4 67. Rc5 Kg7 68. Ra5 Rb3+ 69. Kg4 Kh6 70. Ra6 Rb4+ 71. Kf3 Rc4 72. Ra5 Rc3+ 73. Kg4 Rc6 74. Rb5 Rc4+ 75. Kf3 Ra4 76. Rc5 Rb4 77. Ra5 1/2-1/2


[Site "https://www.chess.com"]

[Event "Titled Tuesday Blitz April 12 Early 2022"]
[White "Bas Mas, Jose Joaquin"]
[Black "Bilan, Danila"]
[WhiteFideId "22219064"]
[BlackFideId "24161918"]
[WhiteElo "2212"]
[BlackElo "2164"]
[Result "0-1"]
[Round "02"]
[TimeControl "180+1"]
[Date "2022.04.13"]
[WhiteClock "0:00:54"]
[BlackClock "0:00:42"]

1. e4 c6 2. Nc3 d5 3. Nf3 Bg4 4. d4 dxe4 5. Nxe4 e6 6. Be3 Be7 7. h3 Bh5 8. Ng3 Bg6 9. Be2 Nf6 10. O-O Nbd7 11. c4 O-O 12. Qb3 Qc7 13. Rac1 e5 14. d5 Nc5 15. Bxc5 Bxc5 16. Rfd1 Rad8 17. Nh4 Rfe8 18. Nxg6 hxg6 19. Qa4 e4 20. Nh1 e3 21. f3 Qe5 22. Qc2 Nh5 23. a3 Bd6 24. g3 Nxg3 25. Bf1 e2 26. Re1 exf1=Q+ 27. Rxf1 Ne2+ 28. Kf2 Qh2+ 0-1


[Site "https://www.chess.com"]

[Event "Titled Tuesday Blitz April 12 Early 2022"]
[White "Beerdsen, Thomas"]
[Black "Grave, Jacob Templen"]
[WhiteFideId "1030108"]
[BlackFideId "1542656"]
[WhiteElo "2585"]
[BlackElo "1737"]
[Result "1-0"]
[Round "02"]
[TimeControl "180+1"]
[Date "2022.04.13"]
[WhiteClock "0:01:13"]
[BlackClock "0:00:01"]

1. g4 d5 2. Bg2 c6 3. c4 h6 4. cxd5 cxd5 5. d3 Nc6 6. Nc3 e6 7. Nf3 Nf6 8. g5 hxg5 9. Bxg5 Be7 10. h4 Qb6 11. Rb1 Bd7 12. a3 d4 13. Na4 Qc7 14. Rc1 Qd8 15. Nc5 Qb6 16. b4 Bxc5 17. bxc5 Qa5+ 18. Kf1 Qxa3 19. Rb1 Qa6 20. Qb3 O-O 21. h5 Nd5 22. h6 b6 23. cxb6 axb6 24. Qd1 Nc3 25. Qc1 Nxb1 26. hxg7 Kxg7 27. Bf6+ Kxf6 28. Qg5# 1-0


[Site "https://www.chess.com"]

[Event "Titled Tuesday Blitz April 12 Early 2022"]
[White "Belenkaya, Dina"]
[Black "Bongo Akanga Ndjila, Barthelemy"]
[WhiteFideId "24142654"]
[BlackFideId "10609431"]
[WhiteElo "2196"]
[BlackElo "1768"]
[Result "1-0"]
[Round "02"]
[TimeControl "180+1"]
[Date "2022.04.13"]
[WhiteClock "0:00:56"]
[BlackClock "0:00:24"]

1. Nf3 Nf6 2. g3 e6 3. Bg2 d5 4. d3 Be7 5. O-O O-O 6. Nbd2 c5 7. e4 Nc6 8. e5 Nd7 9. Qe2 Qc7 10. Re1 Nd4 11. Nxd4 cxd4 12. Nf3 Qb6 13. h4 h6 14. h5 Bb4 15. Rf1 a5 16. Nh4 Qd8 17. Qg4 Kh7 18. f4 Nb6 19. f5 exf5 20. Nxf5 Rg8 21. Qf4 Nd7 22. Nxh6 Nxe5 23. Nxg8 Ng4 24. Qxf7 Qxg8 25. Qg6+ Kh8 26. Bh3 Ne3 27. Bxe3 Bxh3 28. Bxd4 Bxf1 29. Rxf1 Ra6 30. Qg5 Kh7 31. Rf5 Qe8 32. Qxg7# 1-0


[Site "https://www.chess.com"]

[Event "Titled Tuesday Blitz April 12 Early 2022"]
[White "Bettalli, Francesco"]
[Black "Marcinczyk, Monika"]
[WhiteFideId "2816453"]
[BlackFideId "1192051"]
[WhiteElo "2216"]
[BlackElo "1786"]
[Result "1-0"]
[Round "02"]
[TimeControl "180+1"]
[Date "2022.04.13"]
[WhiteClock "0:00:56"]
[BlackClock "0:00:01"]

1. d4 d5 2. Nc3 Nf6 3. Bf4 e6 4. Nb5 Bb4+ 5. c3 Ba5 6. e3 O-O 7. Nf3 a6 8. Na3 Nbd7 9. Bd3 Re8 10. O-O c5 11. dxc5 Nxc5 12. Bc2 Bc7 13. Be5 Nfe4 14. Qd4 Bxe5 15. Nxe5 f6 16. Nd3 e5 17. Qb4 Qc7 18. Nxc5 Nxc5 19. Qh4 f5 20. Rad1 Be6 21. Bb3 Rad8 22. Nc2 Nxb3 23. axb3 d4 24. exd4 Bxb3 25. Rc1 Bxc2 26. Rxc2 exd4 27. c4 d3 28. Rd2 Re4 29. Qg5 Qd7 30. b3 Re2 31. Rfd1 Qe7 32. Qxe7 Rxe7 33. f3 Re3 34. Kf2 f4 35. g3 g5 36. gxf4 gxf4 37. Rg1+ Kf7 38. Rg4 Rd4 39. Rxf4+ Rxf4 40. Kxe3 Rh4 41. Kxd3 Ke6 42. Ke3 b5 43. c5 Rb4 44. Rd6+ Ke7 45. Rxa6 Rxb3+ 46. Ke4 Rc3 47. Kd5 Rd3+ 48. Kc6 b4 49. Ra7+ Ke6 50. Rxh7 b3 51. f4 b2 52. Rb7 Rd2 53. h4 Kf5 54. Rb4 Kg4 55. Kb7 Rc2 56. c6 Kxh4 57. c7 1-0


[Site "https://www.chess.com"]

[Event "Titled Tuesday Blitz April 12 Early 2022"]
[White "Blokhin, Sofia"]
[Black "Calin, Alexandru"]
[WhiteFideId "4508190"]
[BlackFideId "1222961"]
[WhiteElo "1764"]
[BlackElo "2020"]
[Result "0-1"]
[Round "02"]
[TimeControl "180+1"]
[Date "2022.04.13"]
[WhiteClock "0:00:01"]
[BlackClock "0:00:15"]

1. d4 d6 2. e4 Nf6 3. Nc3 Nbd7 4. f3 e5 5. d5 g6 6. Be3 Bg7 7. Qd2 O-O 8. O-O-O a6 9. Kb1 b5 10. g4 Nb6 11. h4 h5 12. gxh5 Nxh5 13. Qf2 b4 14. Nce2 Nc4 15. Bc1 a5 16. Ng3 Nxg3 17. Qxg3 f5 18. Bxc4 f4 19. Qf2 a4 20. h5 g5 21. h6 Bf6 22. Nh3 Kh7 23. Rdg1 Rg8 24. Bd2 Rb8 25. Qe1 Bd7 26. Bxb4 Qc8 27. Nf2 Qb7 28. a3 Rg6 29. Ng4 Bxg4 30. Rxg4 Rxh6 31. Rxh6+ Kxh6 32. Qh1+ Kg6 33. Rg2 Rh8 34. Rh2 Rxh2 35. Qxh2 Qb6 36. Qh3 Qe3 37. Qf5+ Kg7 38. Qd7+ Kh6 39. Qf7 Bg7 40. Bb5 Qxf3 41. Be8 Kh7 42. Bd7 Qh1+ 43. Ka2 Kh8 44. Bf5 Qh6 45. Qe8+ Bf8 46. Ba5 f3 47. Bxc7 f2 48. Bxd6 Qxd6 49. Qh5+ Qh6 50. Qf3 Qh4 51. Qc3 Qf4 0-1


[Site "https://www.chess.com"]

[Event "Titled Tuesday Blitz April 12 Early 2022"]
[White "Bluebaum, Matthias"]
[Black "Biletskiy, Danylo"]
[WhiteFideId "24651516"]
[BlackFideId "14155419"]
[WhiteElo "2550"]
[BlackElo "2087"]
[Result "1-0"]
[Round "02"]
[TimeControl "180+1"]
[Date "2022.04.12"]
[WhiteClock "0:00:42"]
[BlackClock "0:00:01"]

1. b3 e5 2. Bb2 d6 3. e3 Nf6 4. c4 Nbd7 5. g3 g6 6. Bg2 Bg7 7. Ne2 O-O 8. O-O e4 9. d3 exd3 10. Qxd3 Re8 11. Nbc3 Nc5 12. Qd2 Bf5 13. Nd4 Nfe4 14. Nxe4 Nxe4 15. Qc1 Bd7 16. Qc2 f5 17. Rad1 Qe7 18. Rfe1 Rad8 19. b4 c5 20. bxc5 dxc5 21. Nb5 Bxb5 22. cxb5 Bxb2 23. Qxb2 Rxd1 24. Rxd1 Rd8 25. Qc2 Rxd1+ 26. Qxd1 Qd6 27. Qa4 Qd5 28. Bf3 c4 29. Qxa7 c3 30. Qb8+ Kg7 31. Qc7+ Kh6 32. Bxe4 fxe4 33. Qxc3 Qxb5 34. Qf6 Qd3 35. Qf8+ Kh5 36. Kg2 Qe2 37. Qf4 g5 38. Qxe4 Kh6 39. Qe6+ Kg7 40. Qe7+ Kg6 41. a4 Qc2 42. Qxb7 Qxa4 43. Qb6+ Kg7 44. Qd4+ Qxd4 45. exd4 Kf7 46. Kf3 Ke6 47. Kg4 Kf6 48. Kh5 Kf5 49. h3 1-0


[Site "https://www.chess.com"]

[Event "Titled Tuesday Blitz April 12 Early 2022"]
[White "Bortnyk, Olexandr"]
[Black "Tregubov, Pavel V."]
[WhiteFideId "14120828"]
[BlackFideId "4115341"]
[WhiteElo "2723"]
[BlackElo "2341"]
[Result "1-0"]
[Round "02"]
[TimeControl "180+1"]
[Date "2022.04.12"]
[WhiteClock "0:00:13"]
[BlackClock "0:00:06"]

1. d4 Nf6 2. Nc3 d5 3. Bf4 c6 4. e3 Bf5 5. Nf3 h6 6. Ne5 e6 7. g4 Bh7 8. h4 Nfd7 9. Bd3 Nxe5 10. Bxe5 Bxd3 11. Qxd3 Nd7 12. O-O-O Nxe5 13. dxe5 Bb4 14. Ne2 Qa5 15. a3 Be7 16. f4 O-O-O 17. f5 Qc7 18. Qc3 f6 19. Nf4 Qxe5 20. Qxe5 fxe5 21. Nxe6 Rdg8 22. h5 Bg5 23. Rhe1 Re8 24. Nxg7 Re7 25. Ne6 Rxe6 26. fxe6 d4 27. Kd2 Re8 28. Kd3 Bxe3 29. Ke4 Rxe6 30. Rf1 Re7 31. Rf6 Kc7 32. b4 Kb6 33. c3 Kb5 34. cxd4 exd4+ 35. Kd3 Rg7 36. Rg6 Rf7 37. Re1 Rf2 38. Rxe3 dxe3 39. Rxh6 Ra2 40. Kxe3 Rxa3+ 41. Ke4 Kxb4 42. Rh7 b5 43. h6 c5 44. g5 c4 45. Rh8 Rg3 46. Kf4 Rg1 47. h7 Rh1 48. g6 c3 49. Rc8 Kb3 50. h8=Q Rxh8 51. Rxh8 b4 52. g7 1-0


[Site "https://www.chess.com"]